 Dungeon Crawl Stone Soup version 0.26-a0-712-ga5a9c9c9d0 (webtiles) character file.

Game seed: 18033414190476852601

504 dickylongcocking the Stinger (level 6, -4/43 HPs)
             Began as a Demonspawn Venom Mage on Oct 31, 2020.
             Was a Believer of Kikubaaqudgha.
             Slain by a mummy (13 damage)
             ... in an ossuary on Nov 1, 2020.
             The game lasted 00:07:44 (6155 turns).

dickylongcocking the Stinger (DsVM)                 Turns: 6155, Time: 00:07:45

Health: -4/43      AC:  4    Str:  9    XL:     6   Next: 96%
Magic:  4/12       EV: 12    Int: 18    God:    Kikubaaqudgha [**....]
Gold:   185        SH:  0    Dex: 13    Spells: 6/13 levels left

rFire    . . .     SeeInvis .   q - +2 lajatang
rCold    . . .     Faith    .   (shield currently unavailable)
rNeg     . . .     Spirit   .   a - +0 robe
rPois    .         Reflect  .   (helmet restricted)
rElec    .         Harm     .   (no cloak)
rCorr    .         Rampage  .   (no gloves)
MR       .....                  (no boots)
Stlth    ++........             (no amulet)
HPRegen  0.14/turn              (no ring)
MPRegen  0.13/turn              (no ring)

@: marked
A: horns 1, icy blue scales 1
a: Receive Corpses, Renounce Religion


You were in an ossuary.
You worshipped Kikubaaqudgha.
Kikubaaqudgha was pleased with you.
You visited 1 branch of the dungeon, and saw 4 of its levels.
You also visited: Ossuary.

You collected 185 gold pieces.

Inventory:

Hand Weapons
 f - a +0 short sword
 j - a +2 dagger of freezing
 q - a +2 lajatang (weapon)
Armour
 a - a +0 robe (worn)
Wands
 p - a wand of polymorph (8)
 r - a wand of paralysis (5)
Scrolls
 d - 2 scrolls of teleportation
 g - 2 scrolls of magic mapping {unknown}
 i - a scroll of remove curse
 m - 3 scrolls of identify
 o - a scroll of fear {unknown}
Potions
 b - 2 potions of curing
 e - a potion of mutation {unknown}
 l - 2 potions of might
 n - a potion of cancellation {unknown}


   Skills:
 * Level 1.2 Fighting
 * Level 0.7 Staves
 - Level 1.7 Dodging
 - Level 1.8 Stealth
 * Level 4.0 Spellcasting
 * Level 2.2 Necromancy
 * Level 3.2 Transmutations
 * Level 4.9 Poison Magic


You had 6 spell levels left.
You knew the following spells:

 Your Spells              Type           Power        Failure   Level
a - Sting                 Tmut/Pois      ###.         2%          1
i - Ignite Poison         Fire/Tmut/Pois ##......     14%         3
x - Mephitic Cloud        Conj/Pois/Air  #.......     22%         3

Your spell library contained the following spells:

 Spells                   Type           Power        Failure   Level
 Pain                     Necr           ##..         6%          1
 Poisonous Vapours        Pois/Air       ##....       9%          2
 Sublimation of Blood     Necr           ##........   9%          2
 Corpse Rot               Necr/Air       N/A          14%         2
 Vampiric Draining        Necr           ##........   17%         3
 Olgreb's Toxic Radiance  Pois           ###.....     21%         4


Dungeon Overview and Level Annotations

Branches:
Dungeon (4/15)            Ossuary (1/1)
 Temple: D:4-7

Altars:
Cheibriados
Hepliaklqana
Kikubaaqudgha
Uskayaw
Yredelemnul
The Shining One


Innate Abilities, Weirdness & Mutations

You have a pair of small horns on your head.
You are partially covered in icy blue scales. (AC +2)


Message History

You destroy the hobgoblin zombie!
Kikubaaqudgha accepts your kill.
Unknown command.
Your extra speed is starting to run out.
You start resting.
You feel yourself slow down.
You start resting.
You feel a little less mighty now.
You start resting.
A mummy is nearby!
A mummy is nearby!
A mummy is nearby!
Casting: Ignite Poison (dangerous; 14% risk of failure)
Confirm with . or Enter, or press ? or * to list all spells.
You don't know that spell.
A mummy is nearby!
Unknown command.
You barely miss the mummy. The mummy hits you!
You die...
Kikubaaqudgha rasps: "You have failed me!
Welcome... death!"

..# #...# #...# .M#
....+####...# ..#
#.∩.....#...# ..#
#.......#...# ..#
#.......#...#
..#Z####.......#...#
..#.Z.......Z..#...#
.M#.####..####.#...#
..# #..# #@..# .M#
#..# #M..#
..######..######...#
.M.................#
.......8..8........#
...................#
...................#
####################


You could see a mummy.

Vanquished Creatures
  A bullfrog (D:3)
  A centaur zombie (Ossuary)
  A human zombie (Ossuary)
  An orc priest (D:2)
  An orc wizard (D:2)
  2 iguanas (D:4)
  2 worker ants
  3 gnolls (D:2)
  7 adders
  4 worms (D:2)
  2 dart slugs
  3 leopard geckos (D:1)
  6 orcs
  4 ball pythons
  5 bats
  A giant cockroach (D:2)
  8 hobgoblins
  5 jackals (D:1)
  11 kobolds
  5 frilled lizards
  8 goblins
  12 hobgoblin zombies (Ossuary)
  A jackal zombie (Ossuary)
  10 kobold zombies (Ossuary)
  5 orc zombies (Ossuary)
  12 rats
  A rat zombie (Ossuary)
122 creatures vanquished.

Vanquished Creatures (others)
  11 plants
11 creatures vanquished.

Grand Total: 133 creatures vanquished

Notes
Turn   | Place    | Note
-------+----------+-------------------------------------------
     0 | D:1      | dickylongcocking the Demonspawn Venom Mage began the quest
                  | for the Orb.
     0 | D:1      | Reached XP level 1. HP: 13/13 MP: 3/3
   424 | D:1      | Gained mutation: You are partially covered in icy blue
                  | scales. (AC +2) [demonic ancestry]
   424 | D:1      | Reached XP level 2. HP: 13/19 MP: 0/5
   662 | D:1      | Upgraded the game from 0.26-a0-710-g95a0c6c400 to
                  | 0.26-a0-712-ga5a9c9c9d0
  1160 | D:1      | Reached skill level 1 in Transmutations
  1510 | D:1      | Reached XP level 3. HP: 24/24 MP: 3/6
  2285 | D:2      | Reached XP level 4. HP: 18/30 MP: 3/8
  2422 | D:2      | Found an ancient bone altar of Kikubaaqudgha.
  2436 | D:2      | Became a worshipper of Kikubaaqudgha
  2759 | D:2      | Learned a level 3 spell: Ignite Poison
  2928 | D:2      | Reached XP level 5. HP: 32/35 MP: 4/9
  3360 | D:2      | Reached * piety under Kikubaaqudgha
  3360 | D:2      | Identified Kikubaaqudgha's Almanac of Dark Rites
                  | (Kikubaaqudgha gifted it to you on level 2 of the Dungeon)
  3360 | D:2      | Received a gift from Kikubaaqudgha
  3771 | D:2      | Reached skill level 1 in Necromancy
  4048 | D:3      | Found a snail-covered altar of Cheibriados.
  4128 | D:3      | Gained mutation: You have a pair of small horns on your
                  | head. [demonic ancestry]
  4128 | D:3      | Reached XP level 6. HP: 2/41 MP: 1/11
  5070 | D:3      | Found a glowing golden altar of the Shining One.
  5072 | D:3      | Noticed an angel
  5086 | D:3      | Found a basalt altar of Yredelemnul.
  5088 | D:3      | Noticed a profane servitor
  5146 | D:3      | Found a hide-covered altar of Uskayaw.
  5332 | D:4      | Found a hazy altar of Hepliaklqana.
  5779 | D:4      | Found a sand-covered staircase.
  5791 | Ossuary  | Entered an ossuary
  5883 | Ossuary  | Reached skill level 1 in Fighting
  5900 | Ossuary  | Reached ** piety under Kikubaaqudgha
  6040 | Ossuary  | Learned a level 3 spell: Mephitic Cloud
  6077 | Ossuary  | HP: 1/43 [human zombie (5)]
  6155 | Ossuary  | Slain by a mummy

Illustrated notes

Levels and vault maps discovered:
D:1:      dpeg_arrival_rooms_b, layout_basic, minivault_25, st_stairs_10,
          minmay_misc_feat_enclosed
D:2:      layout_loops_ring, kiku_gazebo_pond_becter, serial_bayou,
          serial_bayou_pond_c, serial_bayou_ford_a, serial_bayou_pond_a,
          serial_bayou_lagoon_a, minmay_misc_feat_tower
D:3:      layout_rooms, grunt_temple_overflow_holy_war, marbit_many_paths,
          lemuel_doored_altar, portal_sewer_entry_d, nicolae_underground_beach
D:4:      minmay_clustersquares, layout_basic, lemuel_crystal_altar,
          kennysheep_little_box, lightli_ossuary_entry_decrepit_ruins,
          serial_forest, infiniplex_forest_clump_C,
          infiniplex_forest_straight_3, infiniplex_forest_clump_cross,
          infiniplex_forest_clump_long, infiniplex_forest_lined_2,
          infiniplex_forest_end_double, infiniplex_forest_lined_2
Ossuary:  ossuary_tomb_1

Skill      XL: |  1  2  3  4  5  6 |
---------------+-------------------+-----
Transmutations | 1 2 3 |  3.2
Spellcasting   | 3 4 |  4.0
Poison Magic   | 4 |  4.9
Necromancy     | 1 2 |  2.2
Fighting       | 1 |  1.2
Staves         | |  0.7
Dodging        | |  1.7
Stealth        | |  1.8

Action                   |  1- 3 |  4- 6 || total
-------------------------+-------+-------++-------
Melee: Unarmed           |     6 |       ||     6
       Short sword       |     6 |       ||     6
       Dagger            |    19 |    84 ||   103
       Lajatang          |       |    78 ||    78
       Headbutt          |       |     7 ||     7
 Cast: Sting             |    50 |    61 ||   111
       Ignite Poison     |       |     8 ||     8
       Mephitic Cloud    |       |     3 ||     3
Evoke: Wand              |       |     3 ||     3
  Use: Potion            |       |     7 ||     7
       Scroll            |       |     6 ||     6
 Stab: Sleeping          |     2 |     3 ||     5
       Paralysed         |       |     1 ||     1
Armor: Robe              |    14 |    64 ||    78
Dodge: Dodged            |    52 |   163 ||   215

Table legend: (Time is in decaauts)
 A = Elapsed time spent in this place.
 B = Non-inter-level travel time spent in this place.
 C = Inter-level travel time spent in this place.
 D = Time resting spent in this place.
 E = Time spent auto-exploring this place.
 F = Levels seen in this place.
 G = Mean time per level.
                   A        B        C        D        E       F      G
               +--------+--------+--------+--------+--------+-----+--------+
         Total |   6171 |   6088 |     83 |   1247 |   3779 |   5 | 1234.2 |
       Dungeon |   5821 |   5738 |     83 |   1224 |   3656 |   4 | 1455.2 |
       Ossuary |    350 |    350 |      0 |     23 |    122 |   1 |  350.0 |
               +--------+--------+--------+--------+--------+-----+--------+

Top non-repeatable levels by time:
     D:1: 2106 daAuts
     D:2: 1954 daAuts
     D:3: 1270 daAuts
     D:4: 490 daAuts
 Ossuary: 350 daAuts
